 Dungeon Crawl Stone Soup version 0.30.1-11-g7821555f0a (webtiles) character file.

Game seed: 3021024600342552953

47 lonewolfV2 the Trooper (level 3, -15/30 HPs)
             Began as a Formicid Fighter on Nov 17, 2023.
             Demolished by an ogre
             ... wielding a +0 giant club
              (18 damage)
             ... on level 2 of the Dungeon.
             The game lasted 00:03:15 (1295 turns).

lonewolfV2 the Trooper (Formicid Fighter)           Turns: 1295, Time: 00:03:16

Health: -15/30     AC:  6    Str: 20    XL:     3   Next: 97%
Magic:  3/3        EV:  9    Int:  7    God:
Gold:   117        SH:  5    Dex: 15    Spells: 2/2 levels left

rFire   . . .        a - +1 war axe
rCold   . . .        c - +0 buckler
rNeg    . . .        b - +0 scale mail
rPois   .            (helmet unavailable)
rElec   .            (no cloak)
rCorr   .            (no gloves)
SInv    +            (no boots)
Will    .....        (no amulet) Stlth
                     (no ring)
HPRegen 0.25/turn    (no ring)
MPRegen 0.08/turn

%: no passive effects
@: no status effects
A: permanent stasis, dig shafts and tunnels, antennae 3, four strong arms
a: Dig, Shaft Self


You were on level 2 of the Dungeon.
You visited 1 branch of the dungeon, and saw 2 of its levels.

You collected 117 gold pieces.

Inventory:

Hand Weapons
 a - a +1 war axe (weapon)
Armour
 b - a +0 scale mail (worn)
 c - a +0 buckler (worn)
Jewellery
 h - a ring of wizardry
Scrolls
 f - a scroll of fog
Potions
 d - a potion of might
 e - a potion of ambrosia {unknown}
 g - a potion of degeneration {unknown}
 i - a potion of invisibility {unknown}
 j - 2 potions of attraction
 k - a potion of curing {unknown}
 l - a potion of heal wounds {unknown}
 m - a potion of flight {unknown}
 n - a potion of haste {unknown}


   Skills:
 + Level 4.2 Fighting
 + Level 3.1 Axes
 - Level 3.2 Armour
 - Level 4.0 Shields


You had 2 spell levels left.
You didn't know any spells.
Your spell library was empty.

Dungeon Overview and Level Annotations

Branches:
Dungeon (2/15)

Altars:


Innate Abilities, Weirdness & Mutations

You cannot be hasted, slowed, berserked, paralysed or teleported.
You can dig through walls and to a lower floor.
You have a pair of large antennae on your head. (SInv)
Your four strong arms can wield two-handed weapons with a shield.


Message History

A kobold comes into view. It is wielding a +0 club.
The kobold shouts!
A kobold is nearby!
A kobold is nearby!
A kobold is nearby!
You barely miss the kobold. The kobold barely misses you.
You closely miss the kobold. You block the kobold's attack.
The kobold barely misses you.
A kobold is nearby!
You hit the kobold but do no damage. The kobold barely misses you.
A kobold is nearby!
You hit the kobold.
You kill the kobold!
You see here a +0 club.
As you open the door, it creaks loudly!
An ogre comes into view. It is wielding a +0 giant club.
The ogre shouts!
An ogre is nearby!
An ogre is nearby!
The ogre hits you with a +0 giant club!
You barely miss the ogre. You block the ogre's attack.
You hit the ogre.
The ogre is moderately wounded.
You block the ogre's attack.
You hit the ogre.
The ogre is moderately wounded.
The ogre hits you with a +0 giant club.
You hit the ogre.
The ogre is moderately wounded.
The ogre hits you with a +0 giant club!
Ouch! That really hurt!
* * * LOW HITPOINT WARNING * * *
You barely miss the ogre.
The ogre is moderately wounded.
The ogre barely misses you.
You hit the ogre.
The ogre is heavily wounded.
The ogre hits you with a +0 giant club!!
Ouch! That really hurt!
You die...

...#
###########.#####.#
...... ..............#
###### #
#######.###.#.# ###.
...# #.#.# ..... #####
#.#.### ......####
#.#.#.# ......'..#
#.#.#.### ......##O#
#.......# ..... #@#
##.)..### ....
##.#######..####### ...
#...............#.. ##
.###...............#.#
........)......####.#.#
#####..........####.#.#
#########..†......#
#.####..... #.........#


You could see an ogre.

Vanquished Creatures
  An adder (D:2)
  A worm (D:2)
  2 dart slugs
  5 endoplasms
  2 goblins
  3 hobgoblins
  4 jackals (D:1)
  A ball python (D:1)
  2 bats
  4 kobolds
  5 rats
30 creatures vanquished.

Notes
Turn   | Place    | Note
-------+----------+-------------------------------------------
     0 | D:1      | lonewolfV2 the Formicid Fighter began the quest for the
                  | Orb.
     0 | D:1      | Reached XP level 1. HP: 18/18 MP: 1/1
   184 | D:1      | Reached XP level 2. HP: 20/24 MP: 2/2
   650 | D:1      | Reached XP level 3. HP: 22/30 MP: 3/3
  1284 | D:2      | Noticed an ogre
  1295 | D:2      | Demolished by an ogre

Illustrated notes

Levels and vault maps discovered:
D:1:      dpeg_arrival_rooms_a, layout_loops_cross
D:2:      layout_basic

Skill      XL: |  1  2  3 |
---------------+----------+-----
Fighting       | 4 |  4.2
Axes           | 3 |  3.1
Armour         | |  3.2
Shields        | |  4.0

Action                     || total
---------------------------++-------
  Melee: War axe           ||    66
    Use: Scroll            ||     5
 Armour: Scale mail        ||    28
  Dodge: Dodged            ||    28
  Block: Buckler           ||    13
